 Dungeon Crawl Stone Soup version 0.22.1-2-g9c5b331383 (webtiles) character file.

741 Peloso the Covered (level 7, -1/61 HPs)
             Began as a Minotaur Fighter on Jan 1, 2019.
             Slain by an ogre
             ... wielding a +0 giant club
              (20 damage)
             ... on level 5 of the Dungeon.
             The game lasted 00:06:55 (3796 turns).

Peloso the Covered (Minotaur Fighter)               Turns: 3796, Time: 00:06:55

Health: -1/61      AC: 11    Str: 24    XL:     7   Next: 47%
Magic:  6/6        EV:  7    Int:  5    God:
Gold:   142        SH: 10    Dex: 11    Spells: 6/6 levels left

rFire    . . .     SeeInvis +   a - +0 long sword
rCold    . . .     Gourm    .   c - +0 shield
rNeg     . . .     Faith    .   t - +0 chain mail
rPois    .         Spirit   .   (helmet restricted)
rElec    .         Reflect  .   (no cloak)
rCorr    .         Harm     .   l - +0 pair of gloves {Str+3}
MR       .....                  (no boots)
Stlth    ..........             (no amulet)
HPRegen  0.20/turn              r - ring of see invisible
MPRegen  0.10/turn              (no ring)

@: drained
A: retaliatory headbutt, horns 2
a: no special abilities


You were on level 5 of the Dungeon.
You were not hungry.

You visited 1 branch of the dungeon, and saw 5 of its levels.

You collected 205 gold pieces.
You spent 63 gold pieces at shops.

Inventory:

Hand Weapons
 a - a +0 long sword (weapon)
Armour
 b - a +0 scale mail
 c - a +0 shield (worn)
 l - a +0 pair of gloves of strength (worn)
 t - a +0 chain mail (worn)
Jewellery
 r - a ring of see invisible (left hand)
 u - the ring "Rulishruu" {Wiz Str+6 SInv, unknown}
   (You found it on level 4 of the Dungeon)

   [ring of wizardry]

   It improves your spell success rate.
   It affects your strength (+6).
   It lets you see invisible.
 v - an uncursed ring of resist corrosion {unknown}
Scrolls
 h - a scroll of noise {unknown}
 i - 5 scrolls of identify {unknown}
 j - 2 scrolls of enchant weapon {unknown}
 k - 2 scrolls of immolation {unknown}
 o - 2 scrolls of magic mapping {unknown}
 q - 3 scrolls of remove curse {unknown}
 s - 3 scrolls of enchant armour {unknown}
 w - 2 scrolls of teleportation {unknown}
 y - 2 scrolls of amnesia {unknown}
 A - a scroll of fog {unknown}
Potions
 d - a potion of might
 e - 4 potions of heal wounds {unknown}
 g - 2 potions of curing
 m - a potion of agility {unknown}
 n - 2 potions of degeneration {unknown}
 p - 2 potions of invisibility {unknown}
 x - a potion of berserk rage {unknown}
 z - a potion of lignification {unknown}
Comestibles
 f - 8 rations


   Skills:
 + Level 5.4(4.9) Fighting
 + Level 5.7(5.2) Long Blades
 + Level 6.1(5.6) Armour
 + Level 1.7(1.3) Dodging
 + Level 0.5(0.1) Stealth
 + Level 6.0(5.5) Shields


You had 6 spell levels left.
You didn't know any spells.
Your spell library contained the following spells:

 Spells                   Type           Power        Failure   Level  Hunger
 Confusing Touch          Hex            #.....       100%        1    ##.....
 Confuse                  Hex            #.......     100%        3    ####...
 Gell's Gravitas          Tloc           #.........   100%        3    ####...
 Petrify                  Tmut/Erth      #.......     100%        4    #####..
 Metabolic Englaciation   Hex/Ice        #.........   100%        5    ######.
 Yara's Violent Unravell  Hex/Tmut       #.........   100%        5    ######.


Dungeon Overview and Level Annotations

Branches:
Dungeon (5/15)
 Temple: D:4-7

Altars:
Cheibriados

Shops:
D:4 =


Innate Abilities, Weirdness & Mutations

You reflexively headbutt those who attack you in melee.
You have a pair of horns on your head.


Message History

The ogre is lightly wounded.
The ogre hits you with a giant club!!
You slash the ogre!
The ogre is moderately wounded.
The ogre hits you with a giant club!
Your shield and chain mail prevent you from hitting the ogre.
You headbutt the ogre.
The ogre is moderately wounded.
The ogre closely misses you.
You slash the ogre!
You headbutt the ogre, but do no damage.
The ogre is severely wounded.
The ogre barely misses you.
You hit the ogre. You headbutt the ogre.
The ogre is almost dead.
The ogre hits you with a giant club.
You hit the ogre.
The ogre is almost dead.
The ogre hits you with a giant club!!
You die...

#.####...).#####.#.#
#..................#
#..........#####.###
##.###.............#
...# ###.########..#
##.# #.# #..#
.#.#####.# #..#
......##.########..#
...............O@..#
..#'#..##...#####..#
..+_+..# #.....#
..#+#...# #..##.##
........# #..##.#
......#. #..##.#
.###### .###(#.##.#
......# ....#.##.#
#####.####.#.#.##.#


You could see an ogre.

Vanquished Creatures
  Edmund (D:5)
  An ice beast (D:5)
  A phantom (D:4)
  A bullfrog skeleton (D:5)
  A jelly (D:4)
  A hound (D:4)
  An orc wizard (D:3)
  Natasha (thrice) (D:2)
  2 worker ants
  12 adders
  An ooze (D:1)
  An adder skeleton (D:5)
  5 worms
  3 dart slugs
  4 leopard geckos
  5 orcs (D:3)
  2 ball pythons
  3 giant cockroaches
  4 hobgoblins
  7 jackals
  3 bats
  6 frilled lizards
  6 goblins
  6 kobolds
  A quokka skeleton (D:4)
  7 rats
88 creatures vanquished.

Notes
Turn   | Place    | Note
-------+----------+-------------------------------------------
     0 | D:1      | Peloso the Minotaur Fighter began the quest for the Orb.
     0 | D:1      | Reached XP level 1. HP: 19/19 MP: 0/0
   111 | D:1      | Reached XP level 2. HP: 27/27 MP: 1/1
   347 | D:1      | Reached XP level 3. HP: 28/33 MP: 2/2
  1201 | D:2      | Reached XP level 4. HP: 37/40 MP: 3/3
  1259 | D:2      | Noticed Natasha
  1269 | D:2      | Killed Natasha
  1269 | D:2      | Reached skill level 1 in Dodging
  1646 | D:2      | Noticed Natasha
  1666 | D:2      | Killed Natasha
  1666 | D:2      | Reached XP level 5. HP: 20/47 MP: 4/4
  1682 | D:2      | Noticed Natasha
  1688 | D:2      | Killed Natasha
  1912 | D:2      | Reached skill level 5 in Armour
  2563 | D:4      | Reached XP level 6. HP: 52/55 MP: 5/5
  2667 | D:4      | Found Corraacw's Jewellery Shoppe.
  2688 | D:4      | Reached skill level 5 in Fighting
  2688 | D:4      | Reached skill level 5 in Shields
  2691 | D:4      | Bought a cursed ring of teleportation for 63 gold pieces
  2728 | D:4      | Got a twitching glass ring
  3354 | D:5      | Entered Level 5 of the Dungeon
  3363 | D:5      | Noticed Edmund
  3374 | D:5      | Noticed an ice beast
  3378 | D:5      | Killed Edmund
  3378 | D:5      | Reached skill level 5 in Long Blades
  3378 | D:5      | Reached XP level 7. HP: 39/61 MP: 6/6
  3730 | D:5      | Found a snail-covered altar of Cheibriados.
  3796 | D:5      | Slain by an ogre

Skill      XL: |  1  2  3  4  5  6  7 |
---------------+----------------------+-----
Armour         | 4 5 6 |  6.1
Shields        | 4 5 6 |  6.0
Fighting       | 4 5 |  5.4
Long Blades    | 3 4 5 |  5.7
Dodging        | 1 |  1.7
Stealth        | |  0.5

Action                   |  1- 3 |  4- 6 |  7- 9 || total
-------------------------+-------+-------+-------++-------
Melee: Long sword        |    97 |   196 |    24 ||   317
       Headbutt          |    18 |    34 |     9 ||    61
  Eat: Chunk             |     1 |     5 |       ||     6
       Ration            |       |     1 |       ||     1
Armor: Scale mail        |    37 |    25 |       ||    62
       Chain mail        |       |   107 |     4 ||   111
Dodge: Dodged            |    28 |    65 |     5 ||    98
Block: Shield            |    45 |   159 |    11 ||   215
       Rpst.: Long sword |    10 |    11 |       ||    21
